Map: Terraformation EC (Void)

Players

AgCl - Winner!

  • Race: Protoss Protoss
  • League: Silver

Night

  • Race: Zerg Zerg
  • League: Grandmaster

VOD

Have the link to the VOD?

Description

Time

  • Played on: July 14, 2015, 5:24 a.m.
  • Length: 16:10
Show
View Real Time Build Order
Export as new Build Order

AgCl Protoss - Winner!

Build Orders: Double Forge, Forge Fast Expand (FFE) 

Get SALT Encoding   

  12  0:14  Pylon  
  12  0:32  Forge  
  12  0:34  Probe  
  13  0:46  Probe  
  14  0:58  Probe (Chrono Boost)  
  15  1:08  Probe (Chrono Boost)  
  16  1:15  Probe (Chrono Boost)  
  18  1:26  Probe (Chrono Boost)  
  18  1:27  Nexus  
  19  1:33  Probe (Chrono Boost)  
  19  1:41  Gateway  
  19  1:53  Probe, Photon Cannon  
  20  2:05  Assimilator  
  20  2:06  Probe  
  21  2:18  Probe  
  22  2:24  Pylon  
  22  2:28  Assimilator  
  22  2:33  Pylon  
  22  2:39  Probe (Chrono Boost)  
  22  2:41  Probe (Chrono Boost)  
  24  2:50  Cybernetics Core, Probe x2 (Chrono Boost)  
  28  2:58  Probe (Chrono Boost)  
  28  3:02  Probe (Chrono Boost)  
  28  3:05  Pylon  
  29  3:06  Probe (Chrono Boost)  
  29  3:08  Probe (Chrono Boost)  
  32  3:20  Probe (Chrono Boost)  
  32  3:21  Probe (Chrono Boost)  
  32  3:23  Pylon  
  32  3:26  Probe (Chrono Boost)  
  32  3:31  Probe (Chrono Boost)  
  33  3:36  Stargate  
  33  3:37  Probe (Chrono Boost)  
  33  3:38  Pylon  
  35  3:42  Probe (Chrono Boost), Assimilator  
  35  3:44  Mothership Core (Chrono Boost)  
  37  3:48  Warp Gate  
  37  3:52  Probe (Chrono Boost)  
  38  4:01  Probe x2 (Chrono Boost)  
  38  4:02  Assimilator  
  40  4:08  Probe x2  
  42  4:13  Pylon  
  42  4:18  Pylon  
  42  4:20  Probe x2  
  42  4:21  Oracle (Chrono Boost)  
  47  4:33  Probe x2  
  47  4:34  Forge  
  47  4:45  Probe x2, Gateway  
  46  4:57  Probe x2  
  48  5:09  Probe x2  
  50  5:16  Fleet Beacon  
  50  5:18  Pylon  
  50  5:21  Probe x2  
  52  5:33  Probe x2  
  51  5:35  Gateway  
  51  5:36  Gateway  
  51  5:37  Pylon  
  51  5:39  Void Ray (Chrono Boost)  
  55  5:43  Photon Cannon  
  55  5:45  Probe x2  
  57  5:57  Probe  
  57  6:01  Adept x2  
  57  6:02  Carrier (Chrono Boost)  
  60  6:15  Probe  
  59  6:19  Graviton Catapult (Chrono Boost)  
  59  6:25  Probe, Protoss Ground Weapons Level 1 (Chrono Boost), Stargate  
  66  6:26  Pylon  
  66  6:27  Probe  
  67  6:35  Photon Cannon  
  67  6:37  Probe  
  68  6:41  Probe  
  68  6:46  Carrier (Chrono Boost)  
  68  6:48  Nexus, Adept x2  
  68  6:49  Adept, Pylon  
  68  6:51  Adept  
  68  6:53  Probe  
  68  6:54  Probe  
  78  7:05  Probe  
  85  7:11  Protoss Air Weapons Level 1 (Chrono Boost)  
  85  7:12  Probe  
  86  7:17  Probe (Chrono Boost)  
  86  7:18  Assimilator  
  86  7:21  Assimilator  
  87  7:29  Probe x2 (Chrono Boost)  
  89  7:37  Probe x2 (Chrono Boost)  
  91  7:41  Carrier (Chrono Boost)  
  91  7:43  Pylon  
  91  7:46  Probe  
  91  7:48  Probe  
  85  8:00  Carrier (Chrono Boost)  
  91  8:06  Probe  
  91  8:10  Probe  
  91  8:11  Pylon  
  93  8:14  Probe  
  93  8:19  Gateway  
  100  8:22  Gateway x2  
  100  8:23  Probe  
  100  8:24  Probe  
  102  8:27  Pylon  
  102  8:28  Probe  
  102  8:31  Photon Cannon  
  103  8:36  Carrier (Chrono Boost)  
  103  8:39  Probe  
  104  8:47  Pylon  
  106  8:59  Adept  
  106  9:00  Adept x2  
  106  9:02  Stalker  
  114  9:04  Probe  
  116  9:10  Probe  
  116  9:12  Probe  
  116  9:13  Pylon  
  116  9:15  Carrier (Chrono Boost)  
  117  9:18  Protoss Air Weapons Level 2 (Chrono Boost)  
  111  9:25  Probe (Chrono Boost)  
  111  9:31  Probe x2 (Chrono Boost)  
  116  9:43  Nexus, Photon Cannon  
  114  9:48  Phoenix (Chrono Boost)  
  114  9:51  Pylon  
  116  10:04  Pylon  
  116  10:05  Gateway  
  116  10:06  Protoss Shields Level 1, Probe  
  116  10:07  Carrier (Chrono Boost)  
  117  10:16  Assimilator  
  117  10:18  Pylon  
  117  10:20  Twilight Council  
  117  10:22  Pylon  
  117  10:24  Assimilator  
  117  10:31  Carrier (Chrono Boost)  
  123  10:43  Probe  
  123  10:49  Probe  
  125  10:53  Probe  
  125  10:55  Pylon  
  125  10:56  Probe  
  127  11:00  Photon Cannon  
  127  11:14  Probe, Dark Shrine  
  114  11:28  Void Ray (Chrono Boost)  
  112  11:39  Probe, Void Ray (Chrono Boost)  
  115  11:46  Probe x2  
  117  11:51  Shield Upgrade  
  117  12:00  Protoss Air Weapons Level 3 (Chrono Boost)  
  117  12:02  Gateway  
  117  12:03  Void Ray (Chrono Boost)  
  117  12:04  Protoss Shields Level 2 (Chrono Boost)  
  117  12:05  Pylon  
  117  12:07  Pylon  
  121  12:09  Gateway  
  121  12:10  Void Ray  
  121  12:12  Stargate  
  121  12:14  Zealot  
  122  12:28  Dark Templar x3, Gateway  
  128  12:31  Zealot x2  
  132  12:39  Photon Cannon  
  132  12:44  Dark Templar x2  
  132  12:48  Charge (Chrono Boost)  
  136  13:00  Zealot x3  
  136  13:01  Zealot x2  
  136  13:02  Zealot  
  148  13:18  Probe  
  149  13:33  Carrier (Chrono Boost)  
  149  13:34  Carrier (Chrono Boost)  
  149  13:35  Archon  
  149  13:36  Archon  
  149  13:37  Carrier (Chrono Boost)  
  161  13:57  Nexus, Assimilator  
  161  14:00  Assimilator  
  161  14:01  Pylon x2  
  159  14:22  Probe  
  159  14:23  Probe  
  161  14:25  Probe  
  162  14:35  Probe  
  162  14:38  Gateway  
  163  14:40  Gateway  
  163  14:42  Forge, Robotics Facility, Carrier x2 (Chrono Boost)  
  163  14:44  Carrier (Chrono Boost)  
  177  15:11  Probe, Photon Cannon  
  177  15:12  Pylon  
  178  15:24  Dark Templar  
  180  15:48  Archon  
  184  15:58  Probe  
  184  16:00  Gateway  
  184  16:02  Pylon  
Show
View Real Time Build Order
Export as new Build Order

Night Zerg 

Build Orders: Pool First 

Get SALT Encoding   

  12  0:06  Drone  
  13  0:15  Drone  
  13  0:19  Overlord  
  14  0:38  Drone  
  14  0:39  Drone  
  14  0:40  Drone  
  17  0:50  Spawning Pool  
  17  0:51  Extractor  
  15  0:59  Drone  
  15  1:01  Drone  
  17  1:27  Hatchery  
  17  1:30  Drone  
  17  1:31  Drone  
  18  1:33  Drone  
  19  1:45  Queen  
  21  1:48  Drone  
  22  1:54  Metabolic Boost  
  22  2:07  Overlord  
  22  2:10  Overlord  
  22  2:26  Queen  
  24  2:32  Zergling x4  
  26  2:39  Zergling x2  
  26  2:40  Zergling x2  
  28  2:59  Zergling x2  
  28  3:00  Zergling x10  
  34  3:20  Hatchery  
  34  3:24  Drone x4  
  34  3:25  Drone  
  38  3:37  Drone x3  
  38  3:40  Drone  
  42  3:45  Drone x2  
  44  3:51  Overlord  
  44  3:56  Overlord  
  42  4:16  Drone x9  
  49  4:17  Drone  
  46  4:38  Drone x7  
  52  4:55  Queen  
  52  4:59  Spore Crawler  
  52  5:03  Spore Crawler  
  52  5:04  Spore Crawler x2  
  52  5:05  Lair, Extractor  
  48  5:09  Extractor  
  48  5:10  Extractor  
  46  5:15  Drone x9  
  55  5:38  Zergling x8  
  55  5:39  Zergling x6  
  62  5:48  Spore Crawler  
  61  5:50  Spore Crawler  
  61  5:51  Drone x3  
  61  5:52  Drone  
  61  5:53  Drone x2  
  66  5:59  Evolution Chamber x2, Overlord x3, Roach Warren  
  63  6:25  Drone x2  
  63  6:26  Drone x6  
  63  6:32  Drone x4  
  74  6:33  Drone x3  
  74  6:36  Extractor  
  74  6:37  Extractor  
  75  6:43  Zerg Missile Weapons Level 1, Glial Reconstitution, Zerg Ground Armor Level 1  
  75  6:44  Hydralisk Den  
  75  6:45  Overseer  
  75  6:46  Pneumatized Carapace  
  68  7:06  Drone  
  68  7:07  Drone x3  
  72  7:13  Hydralisk x2  
  72  7:14  Hydralisk x6  
  72  7:15  Hydralisk  
  90  7:19  Overlord  
  90  7:20  Overlord x5  
  90  7:25  Muscular Augments  
  90  7:38  Roach x6  
  100  8:14  Hatchery, Spire  
  100  8:18  Infestation Pit  
  97  8:22  Hydralisk  
  97  8:23  Hydralisk x5, Roach x2  
  97  8:24  Hydralisk x2, Roach x5  
  129  8:37  Queen  
  129  8:41  Zerg Ground Armor Level 2, Zerg Missile Weapons Level 2  
  87  9:31  Zerg Flyer Weapons Level 1, Corruptor  
  81  9:32  Corruptor x7  
  81  9:33  Corruptor  
  81  9:34  Corruptor x2  
  95  10:05  Hive, Hatchery, Extractor  
  93  10:09  Extractor  
  92  10:14  Corruptor x3  
  92  10:15  Corruptor x2  
  92  10:18  Zergling x2  
  92  10:19  Zergling x46  
  126  10:35  Corruptor x3  
  128  10:37  Zergling x2  
  128  10:38  Zergling x6  
  128  10:42  Overlord x2  
  136  11:09  Corruptor x4  
  136  11:10  Corruptor x2  
  133  11:38  Drone  
  133  11:39  Drone x3  
  137  11:46  Hatchery  
  136  11:51  Zerg Ground Armor Level 3, Zerg Missile Weapons Level 3, Extractor  
  136  11:53  Zerg Flyer Weapons Level 2  
  135  12:05  Hatchery  
  135  12:06  Extractor  
  133  12:08  Extractor  
  125  12:33  Lurker Den  
  113  12:49  Overseer x3  
  75  13:03  Spire  
  70  13:09  Drone x2  
  70  13:11  Drone  
  70  13:12  Drone x3  
  76  13:22  Corruptor  
  76  13:23  Corruptor x9  
  76  13:26  Zergling x6  
  76  13:27  Zergling x22  
  110  13:54  Corruptor x3  
  110  13:55  Corruptor x2  
  87  14:17  Corruptor  
  54  14:31  Corruptor  
  54  14:32  Corruptor x2  
  58  14:39  Spore Crawler x2  
  58  14:42  Spore Crawler  
Tags
 
Add a new tag
Caveats
  • Supply blocks, unpowered buildings, or Contaminate may cause inaccurate times.
  • Supply counts are checked every 10 seconds.